 Dungeon Crawl Stone Soup version 0.28-a0-43-g560ac104fe (webtiles) character file.

Game seed: 238722855563687580

79 bande the Covered (level 4, -2/28 HPs)
             Began as a Gargoyle Fighter on July 28, 2021.
             Slain by an ogre (12 damage)
             ... on level 2 of the Dungeon.
             The game lasted 00:02:12 (2447 turns).

bande the Covered (Gargoyle Fighter)                Turns: 2447, Time: 00:02:13

Health: -2/28      AC: 11    Str: 20    XL:     4   Next: 37%
Magic:  4/4        EV:  7    Int:  8    God:
Gold:   26         SH:  9    Dex: 10    Spells: 3/3 levels left

rFire   . . .      SeeInvis .   a - +0 war axe
rCold   . . .      Faith    .   c - +0 kite shield
rNeg    + . .      Spirit   .   b - +0 scale mail
rPois   ∞          Reflect  .   i - +0 helmet
rElec   +          Harm     .   (no cloak)
rCorr   .          Rampage  .   (no gloves)
Will    .....                   (no boots)
Stlth   ..........              (no amulet)
HPRegen 0.09/turn               (no ring)
MPRegen 0.09/turn               (no ring)

@: no status effects
A: sickness immunity, AC +3, negative energy resistance 1, electricity
resistance, torment resistance 1, petrification resistance
a: no special abilities


You were on level 2 of the Dungeon.
You visited 1 branch of the dungeon, and saw 2 of its levels.

You collected 26 gold pieces.

Inventory:

Hand Weapons
 a - a +0 war axe (weapon)
Armour
 b - a +0 scale mail (worn)
 c - a +0 kite shield (worn)
 i - a +0 helmet (worn)
Scrolls
 e - a scroll of blinking {unknown}
 h - 2 scrolls of identify {unknown}
Potions
 d - a potion of might
 f - a potion of curing {unknown}
 g - a potion of berserk rage {unknown}


   Skills:
 + Level 3.5 Fighting
 + Level 2.2(2.4) Axes
 * Level 1.3(2.0) Polearms
 + Level 3.9 Armour
 + Level 0.3 Dodging
 + Level 3.9 Shields


You had 3 spell levels left.
You didn't know any spells.
Your spell library was empty.

Dungeon Overview and Level Annotations

Branches:
Dungeon (2/15)

Altars:


Innate Abilities, Weirdness & Mutations

You are immune to sickness and miasma.
Your stone body is resilient. (AC +3)
You are immune to poison.
You resist negative energy. (rN+)
You are resistant to electric shocks. (rElec)
You are resistant to unholy torment.
You are immune to petrification.


Message History

You kill the ball python!
No target in view!
No target in view!
No target in view!
No target in view!
No target in view!
No target in view!
You see here a worm corpse.
h - 2 scrolls labelled JYGOQU LAKHURPH (gained 1)
An ogre comes into view. It is wielding a +0 giant club.
The ogre shouts!
An ogre is nearby!
You block the ogre's attack.
You hit the ogre.
The ogre is moderately wounded.
The ogre hits you with a +0 giant club.
You hit the ogre.
The ogre is moderately wounded.
The ogre hits you with a +0 giant club!
Ouch! That really hurt!
You are too injured to fight recklessly!
You are too injured to fight recklessly!
You are too injured to fight recklessly!
You are too injured to fight recklessly!
You are too injured to fight recklessly!
You are too injured to fight recklessly!
You are too injured to fight recklessly!
You hit the ogre.
The ogre is moderately wounded.
You block the ogre's attack.
You hit the ogre.
The ogre is heavily wounded.
You block the ogre's attack. x2
You hit the ogre but do no damage.
The ogre is heavily wounded.
The ogre barely misses you.
You slash the ogre!
The ogre is almost dead.
The ogre hits you with a +0 giant club!
You die...

########################
................@O......
########################
######## #......#


You could see an ogre.

Vanquished Creatures
  A gnoll (D:1)
  An adder (D:2)
  3 worms (D:2)
  5 ball pythons
  4 endoplasms
  3 giant cockroaches
  3 goblins
  5 hobgoblins
  7 jackals
  2 quokkas (D:1)
  3 bats
  7 kobolds
  5 rats
49 creatures vanquished.

Notes
Turn   | Place    | Note
-------+----------+-------------------------------------------
     0 | D:1      | bande the Gargoyle Fighter began the quest for the Orb.
     0 | D:1      | Reached XP level 1. HP: 14/14 MP: 1/1
   503 | D:1      | Reached XP level 2. HP: 19/19 MP: 2/2
   894 | D:1      | Reached XP level 3. HP: 23/23 MP: 3/3
  1004 | D:1      | Reached skill level 1 in Polearms
  1752 | D:2      | Reached XP level 4. HP: 28/28 MP: 4/4
  2438 | D:2      | Noticed an ogre
  2447 | D:2      | Slain by an ogre

Illustrated notes

Levels and vault maps discovered:
D:1:      sevenhm_arrival_forest_fort_small_5, layout_basic,
          minmay_close_crescents
D:2:      layout_basic

Skill      XL: |  1  2  3 |
---------------+----------+-----
Axes           | 2 |  2.2
Polearms       | 1 |  1.3
Fighting       | |  3.5
Armour         | |  3.9
Dodging        | |  0.3
Shields        | |  3.9

Action                   |  1- 3 |  4- 6 || total
-------------------------+-------+-------++-------
Melee: War axe           |    96 |    41 ||   137
Armor: Scale mail        |    51 |    15 ||    66
Dodge: Dodged            |    29 |    12 ||    41
Block: Kite shield       |    54 |    19 ||    73

Table legend: (Time is in decaauts)
 A = Elapsed time spent in this place.
 B = Non-inter-level travel time spent in this place.
 C = Inter-level travel time spent in this place.
 D = Time resting spent in this place.
 E = Time spent auto-exploring this place.
 F = Levels seen in this place.
 G = Mean time per level.
                   A        B        C        D        E       F      G
               +--------+--------+--------+--------+--------+-----+--------+
         Total |   2534 |   2534 |      0 |    689 |   1453 |   2 | 1267.0 |
       Dungeon |   2534 |   2534 |      0 |    689 |   1453 |   2 | 1267.0 |
               +--------+--------+--------+--------+--------+-----+--------+

Top non-repeatable levels by time:
     D:1: 1712 daAuts
     D:2: 822 daAuts
